 Dungeon Crawl Stone Soup version 0.32-a0-422-g28b100f (webtiles) character file.

Game seed: 854295837327589177

245 sissy the Slasher (level 6, -2/48 HPs)
             Began as a Human Berserker on Feb 21, 2024.
             Was a Believer of Trog.
             Killed by divine providence
             ... invoked by an orc priest
              (13 damage)
             ... on level 4 of the Dungeon.
             The game lasted 00:13:04 (2649 turns).

sissy the Slasher (Human Berserker)                 Turns: 2649, Time: 00:13:05

Health: -2/48      AC:  9    Str: 20    XL:     6   Next: 10%
Magic:  6/6        EV:  9    Int:  7    God:    Trog [**....]
Gold:   151        SH:  0    Dex: 12    Spells: 5/5 levels left

rFire   . . .        a - +0 falchion
rCold   . . .        (no shield)
rNeg    . . .        e - +0 chain mail
rPois   .            (no helmet)
rElec   .            (no cloak)
rCorr   +            h - +0 pair of gloves
SInv    .            (no boots)
Will    .....        (no amulet) Stlth
                     j - ring of resist corrosion
HPRegen 0.28/turn    (no ring)
MPRegen 0.10/turn

%: no passive effects
@: lethally poisoned (-2 -> -6)
A: explore regen
a: Renounce Religion, Berserk, Trog's Hand


You were on level 4 of the Dungeon.
You worshipped Trog.
Trog was pleased with you.
You visited 1 branch of the dungeon, and saw 4 of its levels.

You collected 151 gold pieces.

Inventory:

Hand Weapons
 a - a +0 falchion (weapon)
Armour
 e - a +0 chain mail (worn)
 h - a +0 pair of gloves (worn)
Jewellery
 j - a ring of resist corrosion (left hand)
Scrolls
 c - 2 scrolls of blinking {unknown}
 d - a scroll of enchant weapon {unknown}
 k - a scroll of summoning {unknown}
 n - a scroll of identify {unknown}
Potions
 b - a potion of curing
 f - 4 potions of haste
 g - a potion of mutation {unknown}
 i - a potion of cancellation {unknown}
 l - a potion of degeneration {unknown}
 m - a potion of invisibility {unknown}
 p - a potion of attraction {unknown}
 r - a potion of might
 s - a potion of heal wounds {unknown}


   Skills:
 * Level 4.2 Fighting
 + Level 5.0 Long Blades
 + Level 2.2 Armour
 * Level 3.1 Dodging
 + Level 1.2 Stealth


You had 5 spell levels left.
You didn't know any spells.
Your spell library was empty.

Dungeon Overview and Level Annotations

Branches:
Dungeon (4/15)
 Temple: D:4-7

Altars:
Cheibriados
Nemelex Xobeh
Qazlal
Wu Jian


Innate Abilities, Weirdness & Mutations

You regain HP and MP as you explore.


Message History

The orc hits you with a +0 whip.
You closely miss the orc.
The orc is almost dead.
You feel very sick. The orc hits you but does no damage.
The orc priest invokes the aid of Beogh against you.
Beogh smites you!
You are too injured to fight recklessly!
You closely miss the orc.
The orc is almost dead.
You feel sick. The orc priest barely misses you.
The orc hits you with a +0 whip.
* * * LOW HITPOINT WARNING * * *
You hit the orc.
You kill the orc!
Trog accepts your kill.
You feel sick. The orc priest closely misses you.
You hit the goblin.
You kill the goblin!
Trog accepts your kill.
You feel sick. The orc priest closely misses you.
Your Long Blades skill increases to level 5!
You feel better.
The orc priest looks encouraged for a moment.
The orc priest hits you but does no damage.
You are poisoned.
Items here: )))) [ †††.
You hit the orc priest.
The orc priest is lightly wounded.
You feel very sick.
The orc priest begins to cast a cantrip, but forgets the words!
You hit the orc priest but do no damage.
The orc priest is lightly wounded.
You feel sick. The orc priest barely misses you.
You hit the orc priest.
The orc priest is moderately wounded.
You feel sick.
The orc priest mumbles some strange prayers to Beogh against you.
Beogh smites you!
You die...

#.##### #.....# #.###.##### #.#
#.....# ########.# #####.#
......##.# #.# ......##.# #.#
......##.### #.# ...........# #@#
...........#.# #.o.....#
...........#.# #.##.....
..........<... #.. .#..
...........#.# #.# #
..................
.......#.###.###.# ######
######.#...#(# #.. #.....
######.....#.###############.....


You could see an orc priest.

Vanquished Creatures
  A scorpion (D:4)
  A howler monkey (D:3)
  2 adders (D:2)
  3 ribbon worms
  3 orcs (D:4)
  3 bats
  8 endoplasms (D:1)
  4 giant cockroaches
  5 goblins
  4 hobgoblins
  2 jackals (D:1)
  8 kobolds
  3 quokkas
  10 ball pythons
  A frilled lizard (D:1)
  A hobgoblin zombie (D:4)
  A kobold zombie (D:4)
  2 orc zombies (D:4)
  7 rats
69 creatures vanquished.

Notes
Turn   | Place    | Note
-------+----------+-------------------------------------------
     0 | D:1      | sissy the Human Berserker began the quest for the Orb.
     0 | D:1      | Reached XP level 1. HP: 18/18 MP: 1/1
     1 | D:1      | Found a runed translucent door.
   198 | D:1      | Reached XP level 2. HP: 24/24 MP: 2/2
   618 | D:1      | Found a faded altar of an unknown god.
   759 | D:1      | Reached XP level 3. HP: 29/29 MP: 3/3
   771 | D:1      | Reached skill level 1 in Stealth
   849 | D:2      | Reached ** piety under Trog
   879 | D:2      | Reached XP level 4. HP: 29/36 MP: 4/4
  1419 | D:3      | Reached skill level 4 in Long Blades
  1461 | D:3      | Found a stormy altar of Qazlal.
  1467 | D:3      | Found an ornate altar of the Wu Jian Council.
  1498 | D:3      | Reached XP level 5. HP: 40/42 MP: 5/5
  1760 | D:3      | Found a snail-covered altar of Cheibriados.
  1854 | D:3      | Found a sparkling altar of Nemelex Xobeh.
  2024 | D:4      | Reached XP level 6. HP: 31/48 MP: 6/6
  2645 | D:4      | Reached skill level 5 in Long Blades
  2649 | D:4      | Killed from afar by an orc priest

Illustrated notes

Levels and vault maps discovered:
D:1:      dpeg_arrival_caged_fury, layout_basic,
          hellmonk_ecumenical_altar_heavens_door, nicolae_twisty_statue_hallways
D:2:      layout_rooms
D:3:      layout_rooms, grunt_temple_overflow_open, marbit_many_paths,
          general_overflow_altar, minmay_misc_feat_hallway
D:4:      layout_basic, minmay_mini_ossuary

Skill      XL: |  1  2  3  4  5  6 |
---------------+-------------------+-----
Stealth        | 1 |  1.2
Long Blades    | 4 5 |  5.0
Fighting       | 4 |  4.2
Dodging        | 3 |  3.1
Armour         | |  2.2

Action                     |  1- 3 |  4- 6 || total
---------------------------+-------+-------++-------
  Melee: Falchion          |    62 |   136 ||   198
 Invoke: Berserk           |     1 |     4 ||     5
    Use: Potion            |       |     4 ||     4
   Stab: Sleeping          |     2 |     3 ||     5
 Armour: Animal skin       |    32 |    28 ||    60
         Leather armour    |       |    26 ||    26
         Chain mail        |       |    13 ||    13
  Dodge: Dodged            |    35 |   115 ||   150

Table legend: (Time is in decaauts)
 A = Elapsed time spent in this place.
 B = Non-inter-level travel time spent in this place.
 C = Inter-level travel time spent in this place.
 D = Time resting spent in this place.
 E = Time spent auto-exploring this place.
 F = Levels seen in this place.
 G = Mean time per level.
                   A        B        C        D        E       F      G
               +--------+--------+--------+--------+--------+-----+--------+
         Total |   2690 |   2636 |     54 |     79 |   1931 |   4 |  672.5 |
       Dungeon |   2690 |   2636 |     54 |     79 |   1931 |   4 |  672.5 |
               +--------+--------+--------+--------+--------+-----+--------+

Top non-repeatable levels by time:
     D:1: 851 daAuts
     D:4: 694 daAuts
     D:3: 631 daAuts
     D:2: 512 daAuts
